 Dungeon Crawl Stone Soup version 0.29-a0-82-g837932c90e (webtiles) character file.

Game seed: 6471486681015485208

84 HallandMoats the Skirmisher (level 4, -2/35 HPs)
             Began as a Demonspawn Fighter on Feb 5, 2022.
             Was a Believer of Makhleb.
             Succumbed to a water moccasin's poison
             ... on level 3 of the Dungeon.
             The game lasted 00:04:49 (2900 turns).

HallandMoats the Skirmisher (Demonspawn Fighter)    Turns: 2900, Time: 00:04:49

Health: -2/35      AC: 12    Str: 18    XL:     4   Next: 24%
Magic:  14/14      EV:  5    Int: 10    God:    Makhleb [**....]
Gold:   72         SH:  5    Dex: 16    Spells: 3/3 levels left

rFire   + . .      SeeInvis .   i - +1 hand axe of Duty {freeze, Dex+4}
rCold   + . .      Faith    .   c - +0 buckler
rNeg    . . .      Spirit   .   e - +0 plate armour
rPois   +          Reflect  .   (no helmet)
rElec   +          Harm     .   (no cloak)
rCorr   +          Rampage  .   j - +0 pair of gloves
Will    .....                   (no boots)
Stlth   ..........              (no amulet)
HPRegen 0.11/turn               l - ring of magical power
MPRegen 0.14/turn               (no ring)

@: lethally poisoned (-2 -> -11), resistant, invisible
A: demonic touch 1
a: Renounce Religion, Minor Destruction


You were on level 3 of the Dungeon.
You worshipped Makhleb.
Makhleb was pleased with you.
You visited 1 branch of the dungeon, and saw 4 of its levels.

You collected 98 gold pieces.
You spent 26 gold pieces at shops.

Inventory:

Hand Weapons
 a - a +0 war axe
 i - the +1 hand axe of Duty (weapon) {freeze, Dex+4}
   (You found it on level 3 of the Dungeon)

   It freezes those it strikes, dealing additional cold damage.
   It can also slow down cold-blooded creatures.
   Dex:       It affects your dexterity (+4).
Armour
 c - a +0 buckler (worn)
 e - a +0 plate armour (worn)
 j - a +0 pair of gloves (worn)
Jewellery
 l - a ring of magical power (left hand)
Scrolls
 b - 3 scrolls of teleportation
 g - a scroll of enchant weapon
Potions
 d - a potion of might
 h - a potion of flight


   Skills:
 * Level 3.5 Fighting
 * Level 2.4 Axes
 + Level 3.0 Armour
 + Level 0.7 Dodging
 + Level 3.0 Shields
 * Level 2.0 Invocations


You had 3 spell levels left.
You didn't know any spells.
Your spell library contained the following spells:

 Spells                   Type           Power      Damage    Failure   Level
 Confusing Touch          Hex            0%         N/A       100%        3
 Dazzling Flash           Conj/Hex       0%         N/A       100%        3
 Ignite Poison            Fire/Tmut/Pois 0%         N/A       100%        3
 Mephitic Cloud           Conj/Pois/Air  0%         N/A       100%        3
 Tukima's Dance           Hex            0%         N/A       100%        3
 Passage of Golubria      Tloc           0%         N/A       100%        4
 Agony                    Necr           0%         N/A       100%        5
 Freezing Cloud           Conj/Ice/Air   0%         6-21      100%        5
 Silence                  Hex/Air        0%         N/A       100%        5
 Yara's Violent Unravell  Hex/Tmut       0%         3d3       100%        5
 Enfeeble                 Hex            0%         N/A       100%        7


Dungeon Overview and Level Annotations

Branches:
Dungeon (4/15)
 Temple: D:4-7

Altars:
Makhleb

Shops:
D:1 *


Innate Abilities, Weirdness & Mutations

Your touch may inflict minor irresistible damage on your foes.


Message History

You feel sick.
You closely miss the water moccasin.
You feel very sick.
The water moccasin bites you but does no damage. x2
You closely miss the water moccasin.
You feel sick. The water moccasin bites you.
The water moccasin bites you but does no damage.
You miss the water moccasin.
You feel sick.
The water moccasin bites you but does no damage.
The water moccasin bites you.
* * * LOW HITPOINT WARNING * * *
You fade into invisibility!
You feel sick.
The water moccasin bites you but does no damage.
You feel sick. The water moccasin bites you.
* * * LOW HITPOINT WARNING * * *
You feel sick.
You are no longer poisoned.
You block the water moccasin's attack. You block the water moccasin's attack.
The water moccasin bites you but does no damage.
The water moccasin bites you but does no damage.
The water moccasin barely misses you. The water moccasin bites you.
* * * LOW HITPOINT WARNING * * *
You are lethally poisoned!
The water moccasin poisons you!
It was a potion of resistance.
You feel protected.
* * * LOW HITPOINT WARNING * * *
You feel very sick.
The water moccasin bites you but does no damage.
Unknown command.
Okay, then.
Unknown command.
Okay, then.
Unknown command.
Unknown command.
You closely miss the water moccasin.
You die...

.... #... #...
###########...
.......>..(...
#######.......
#####...
############### #...
#.....@S......# #...
###.#########.# #...
#.# ###.######... #.#
#............ #.#
#.#.######... #.#
###.#.[........ #.#
#...#.####.#...
#.#####.#.########...
#.##.................


You could see a water moccasin.

Vanquished Creatures
  2 adders (D:2)
  3 orcs (D:4)
  7 bats
  4 endoplasms
  4 giant cockroaches
  7 goblins
  2 hobgoblins
  2 jackals (D:1)
  11 kobolds
  A quokka (D:1)
  8 ball pythons
  3 frilled lizards
  8 rats
62 creatures vanquished.

Notes
Turn   | Place    | Note
-------+----------+-------------------------------------------
     0 | D:1      | HallandMoats the Demonspawn Fighter began the quest for the
                  | Orb.
     0 | D:1      | Reached XP level 1. HP: 18/18 MP: 1/1
   211 | D:1      | Gained mutation: Your touch may inflict minor irresistible
                  | damage on your foes. [demonic ancestry]
   211 | D:1      | Reached XP level 2. HP: 13/24 MP: 2/2
   377 | D:1      | Reached skill level 1 in Invocations
   755 | D:1      | Found a faded altar of an unknown god.
   766 | D:1      | Found Beafohuum's General Store.
   768 | D:1      | Prayed at the altar of an unknown god.
   768 | D:1      | Became a worshipper of Makhleb the Destroyer
   768 | D:1      | Reached * piety under Makhleb
  1007 | D:1      | Reached XP level 3. HP: 29/29 MP: 3/3
  1189 | D:1      | Bought a scroll of identify for 26 gold pieces
  1503 | D:2      | You fall into a shaft and drop 2 floors!
  1601 | D:4      | Noticed an orc warrior
  2028 | D:2      | Reached XP level 4. HP: 32/35 MP: 5/5
  2028 | D:2      | Reached ** piety under Makhleb
  2869 | D:3      | Noticed a water moccasin
  2875 | D:3      | Identified the +1 hand axe of Duty {freeze, Dex+4}
  2899 | D:3      | HP: 1/35 [poisoned by a water moccasin]
  2900 | D:3      | Succumbed to a water moccasin's poison

Illustrated notes

Levels and vault maps discovered:
D:1:      heliophobic_arrival_henge, layout_rooms,
          ebering_ecumenical_altar_abandoned, serial_shops,
          nicolae_diamond_shop, amcnicky_mini_rare_corridor_liquid,
          kennysheep_small_spiral
D:2:      layout_rooms, minmay_mini_jars
D:3:      layout_basic, bloody_trog
D:4:      layout_loops_corners, nemelex_diamond_rough_becter,
          cheibrodos_sewer_entry_drain, minmay_between

Skill      XL: |  1  2  3 |
---------------+----------+-----
Axes           | 2 |  2.4
Invocations    | 1 2 |  2.0
Armour         | 3 |  3.0
Shields        | 3 |  3.0
Fighting       | |  3.5
Dodging        | |  0.7

Action                   |  1- 3 |  4- 6 || total
-------------------------+-------+-------++-------
Melee: War axe           |   141 |    30 ||   171
       Hand axe          |       |     4 ||     4
  Use: Scroll            |     3 |     2 ||     5
       Potion            |       |     2 ||     2
Armor: Plate armour      |   124 |    39 ||   163
Dodge: Dodged            |    61 |     9 ||    70
Block: Buckler           |    38 |     9 ||    47

Table legend: (Time is in decaauts)
 A = Elapsed time spent in this place.
 B = Non-inter-level travel time spent in this place.
 C = Inter-level travel time spent in this place.
 D = Time resting spent in this place.
 E = Time spent auto-exploring this place.
 F = Levels seen in this place.
 G = Mean time per level.
                   A        B        C        D        E       F      G
               +--------+--------+--------+--------+--------+-----+--------+
         Total |   2985 |   2878 |    107 |    343 |   1910 |   4 |  746.2 |
       Dungeon |   2985 |   2878 |    107 |    343 |   1910 |   4 |  746.2 |
               +--------+--------+--------+--------+--------+-----+--------+

Top non-repeatable levels by time:
     D:1: 1248 daAuts
     D:2: 1150 daAuts
     D:3: 455 daAuts
     D:4: 131 daAuts
